 Dungeon Crawl Stone Soup version 0.26-a0-648-g87339cca5e (webtiles) character file.

Game seed: 13076844663850727750

67 KennyOmg the Chopper (level 4, -2/61 HPs)
             Began as a Minotaur Berserker on Sept 25, 2020.
             Was a Believer of Trog.
             Slain by a centaur
             ... wielding a +0 club
              (9 damage)
             ... on level 2 of the Dungeon.
             The game lasted 00:01:58 (1358 turns).

KennyOmg the Chopper (Minotaur Berserker)           Turns: 1358, Time: 00:01:59

Health: -2/61      AC:  2    Str: 22    XL:     4   Next: 0%
Magic:  3/3        EV: 12    Int:  5    God:    Trog [**....]
Gold:   108        SH:  0    Dex:  9    Spells: 3/3 levels left

rFire    . . .     SeeInvis .   a - +0 hand axe
rCold    . . .     Faith    .   (no shield)
rNeg     . . .     Spirit   .   b - +0 animal skin
rPois    .         Reflect  .   (helmet restricted)
rElec    .         Harm     .   (no cloak)
rCorr    .         Rampage  .   (no gloves)
MR       .....                  (no boots)
Stlth    ..........             (no amulet)
HPRegen  0.20/turn              (no ring)
MPRegen  0.08/turn              (no ring)

@: berserking, very quick
A: retaliatory headbutt, horns 2
a: Berserk, Trog's Hand, Renounce Religion


You were on level 2 of the Dungeon.
You worshipped Trog.
Trog was pleased with you.
You visited 1 branch of the dungeon, and saw 2 of its levels.

You collected 108 gold pieces.

Inventory:

Hand Weapons
 a - a +0 hand axe (weapon)
Armour
 b - a +0 animal skin (worn)
Jewellery
 d - an uncursed ring of flight
   (You took it off a hobgoblin on level 1 of the Dungeon)
 f - a +6 ring of dexterity {unknown}
   (You found it on level 1 of the Dungeon)
Scrolls
 g - a scroll of fear {unknown}
Potions
 c - a potion of invisibility {unknown}
 e - a potion of heal wounds {unknown}
 h - a potion of curing {unknown}
 i - a potion of might {unknown}


   Skills:
 + Level 4.5 Fighting
 * Level 5.3 Axes
 - Level 2.4 Armour
 - Level 2.1 Dodging


You had 3 spell levels left.
You didn't know any spells.
Your spell library was empty.

Dungeon Overview and Level Annotations

Branches:
Dungeon (2/15)

Altars:


Innate Abilities, Weirdness & Mutations

You reflexively headbutt those who attack you in melee.
You have a pair of horns on your head.


Message History

A centaur comes into view. It is wielding a +0 club.
The centaur shouts!
The centaur unwields a +0 club.
The centaur wields a +0 shortbow.
The centaur shoots an arrow.
The arrow hits you!
You see here an arrow.
A centaur is nearby!
A centaur is nearby!
The centaur shoots an arrow.
The arrow hits you.
The centaur shoots an arrow.
The arrow barely misses you.
You hear a bark!
You see here an arrow.
A jackal comes into view.
The centaur shoots an arrow.
The arrow hits you!
* * * LOW HITPOINT WARNING * * *
You hear a bark!
You see here an arrow.
You are too injured to fight recklessly!
Unknown command.
A jackal comes into view.
A rat comes into view.
The centaur unwields a +0 shortbow.
The centaur wields a +0 club.
The centaur closely misses you.
You hit the centaur but do no damage. You headbutt the centaur.
The centaur hits you with a +0 club.
* * * LOW HITPOINT WARNING * * *
A red film seems to cover your vision as you go berserk!
You feel yourself moving faster!
You feel mighty! The centaur hits you with a +0 club!
* * * LOW HITPOINT WARNING * * *
You barely miss the centaur. You headbutt the centaur!
You barely miss the jackal.
The centaur hits you but does no damage.
The jackal barely misses you.
You barely miss the centaur. Your headbutt misses the centaur.
You hit the jackal.
A jackal comes into view.
The centaur hits you with a +0 club.
* * * LOW HITPOINT WARNING * * *
The jackal closely misses you. You furiously retaliate!
You headbutt the jackal!
You kill the jackal!
Trog accepts your kill.
The jackal barks!
You hit the centaur. You barely miss the jackal. The jackal misses you.
You furiously retaliate!
You headbutt the jackal!
You kill the jackal!
Trog accepts your kill.
You have reached level 4!
You feel stronger. The centaur hits you with a +0 club!
You die...

#. .# ####.##.# #........
#......h# #.....r.###
#......... .#....c..#
.......@.# .#.....(.#
#.#####(#### #.
#......((..#
.#.#####.#####.############
....####.#####.#..........#
.#.......##....#..........#
###.#
.......#.......#..#....#..#
....#
#......##.##.#..........#


You could see a centaur, a jackal and a rat.

Vanquished Creatures
  2 adders (D:2)
  2 dart slugs (D:2)
  3 leopard geckos
  8 goblins
  7 hobgoblins
  2 jackals (D:2)
  2 kobolds
  A quokka (D:2)
  2 ball pythons
  6 bats
  3 frilled lizards
  A rat (D:1)
39 creatures vanquished.

Notes
Turn   | Place    | Note
-------+----------+-------------------------------------------
     0 | D:1      | KennyOmg the Minotaur Berserker began the quest for the
                  | Orb.
     0 | D:1      | Reached XP level 1. HP: 19/19 MP: 0/0
    33 | D:1      | Reached skill level 4 in Axes
    35 | D:1      | Reached XP level 2. HP: 9/27 MP: 1/1
    59 | D:1      | HP: 1/27 [goblin (3)]
   922 | D:2      | Reached XP level 3. HP: 31/33 MP: 2/2
   923 | D:2      | Reached ** piety under Trog
  1020 | D:2      | Reached skill level 5 in Axes
  1350 | D:2      | Noticed a centaur
  1358 | D:2      | Reached XP level 4. HP: 7/41 MP: 3/3
  1358 | D:2      | Slain by a centaur

Illustrated notes

Levels and vault maps discovered:
D:1:      lightli_arrival_isolated_outpost, layout_rooms, minmay_tall_x
D:2:      layout_loops_cross, nicolae_overflow_crystal_walls,
          kennysheep_pointless_box, grunt_ministairs_1

Skill      XL: |  1  2  3 |
---------------+----------+-----
Axes           | 4 5 |  5.3
Fighting       | 4 |  4.5
Armour         | |  2.4
Dodging        | |  2.1

Action                   |  1- 3 |  4- 6 || total
-------------------------+-------+-------++-------
Melee: Hand axe          |    73 |       ||    73
       Headbutt          |    12 |       ||    12
Invok: Berserk           |     1 |       ||     1
Armor: Animal skin       |    17 |       ||    17
Dodge: Dodged            |    68 |       ||    68

Table legend: (Time is in decaauts)
 A = Elapsed time spent in this place.
 B = Non-inter-level travel time spent in this place.
 C = Inter-level travel time spent in this place.
 D = Time resting spent in this place.
 E = Time spent auto-exploring this place.
 F = Levels seen in this place.
 G = Mean time per level.
                   A        B        C        D        E       F      G
               +--------+--------+--------+--------+--------+-----+--------+
         Total |   1370 |   1346 |     24 |    269 |    879 |   2 |  685.0 |
       Dungeon |   1370 |   1346 |     24 |    269 |    879 |   2 |  685.0 |
               +--------+--------+--------+--------+--------+-----+--------+

Top non-repeatable levels by time:
     D:1: 826 daAuts
     D:2: 543 daAuts
